Map: [ESL] Alcyone

Players

Scarlett - Winner!

  • Race: Zerg Zerg
  • Spawn Location: 7:00

Astrea

  • Race: Protoss Protoss
  • Spawn Location: 1:00

Event: ESL Spring 2024 Finals

VOD

Have the link to the VOD?

Description

Time

  • Played on: June 1, 2024, 11:36 a.m.
  • Length: 14:22

All games in this series

Show
View Real Time Build Order
Export as new Build Order

Scarlett Zerg - Winner!

Build Orders: Hatch First 

Get SALT Encoding   

  12  0:00  Drone  
  13  0:12  Overlord  
  13  0:17  Drone  
  14  0:30  Drone x2  
  16  0:46  Hatchery  
  15  0:50  Drone  
  15  0:53  Drone  
  17  0:57  Drone  
  18  1:08  Extractor  
  17  1:12  Spawning Pool  
  17  1:15  Drone  
  17  1:20  Drone  
  18  1:28  Drone  
  19  1:39  Drone  
  20  1:50  Drone  
  21  1:59  Drone, Queen x2  
  21  2:00  Drone  
  27  2:12  Hatchery  
  26  2:18  Overlord  
  26  2:23  Drone  
  26  2:24  Drone  
  26  2:28  Metabolic Boost  
  28  2:36  Drone x3  
  31  2:42  Queen  
  33  2:45  Zergling x2  
  33  2:48  Overlord  
  34  2:54  Drone x2  
  36  3:07  Queen  
  36  3:09  Drone x3  
  41  3:15  Spore Crawler  
  41  3:18  Spore Crawler, Drone x2  
  41  3:23  Drone  
  41  3:24  Drone  
  44  3:29  Queen  
  44  3:31  Zergling x4  
  44  3:32  Zergling x2  
  49  3:38  Drone  
  49  3:39  Overlord  
  50  3:44  Evolution Chamber  
  50  3:45  Spore Crawler, Queen  
  50  3:46  Overlord  
  50  3:55  Overlord  
  50  4:01  Drone x7  
  57  4:05  Drone x2  
  57  4:09  Spore Crawler  
  58  4:10  Drone  
  59  4:20  Zerg Melee Weapons Level 1  
  59  4:22  Spore Crawler  
  57  4:28  Drone  
  57  4:29  Drone x8  
  66  4:38  Drone x6  
  71  4:46  Extractor x2  
  71  4:47  Drone x4  
  71  4:52  Lair  
  73  4:56  Roach Warren  
  73  4:58  Overlord  
  73  4:59  Overlord  
  72  5:03  Overlord, Extractor  
  72  5:05  Extractor  
  70  5:07  Hatchery  
  70  5:11  Drone x4  
  73  5:17  Overlord  
  73  5:18  Drone  
  73  5:20  Drone x6  
  79  5:28  Pneumatized Carapace  
  79  5:29  Overlord  
  79  5:31  Overlord x2  
  79  5:34  Zergling x4  
  81  5:39  Roach x3  
  86  5:45  Roach x3  
  98  5:50  Zergling x2, Roach x3  
  98  5:56  Zergling x10  
  104  6:03  Roach  
  105  6:04  Roach x2  
  105  6:08  Ravager x4  
  105  6:09  Zergling x6  
  115  6:15  Zergling x14  
  121  6:19  Zergling x2  
  121  6:20  Zergling x2  
  121  6:23  Ravager x2  
  124  6:31  Zergling x2  
  124  6:32  Zergling x6  
  126  6:38  Zergling x10  
  126  6:39  Overlord  
  131  6:41  Ravager x2  
  131  6:42  Overlord  
  131  6:43  Zergling x10  
  131  6:45  Overlord  
  134  6:52  Overlord  
  134  6:53  Zergling x2, Ravager x3  
  135  6:57  Zergling x10  
  135  7:00  Overlord x2  
  135  7:09  Zergling x4  
  135  7:14  Zergling x10  
  139  7:17  Zerg Melee Weapons Level 2  
  139  7:18  Queen x3  
  133  7:30  Zergling x12  
  133  7:36  Zergling x4  
  132  7:39  Roach  
  132  7:40  Roach  
  132  7:43  Roach  
  134  7:49  Roach x3  
  139  7:54  Zergling x2  
  137  8:02  Zergling x6  
  138  8:05  Queen  
  138  8:06  Queen  
  138  8:08  Zergling x4  
  141  8:16  Zergling x6  
  144  8:20  Ravager x6  
  144  8:21  Zergling x6  
  144  8:26  Zergling x2  
  149  8:32  Zergling x6  
  147  8:37  Zergling x18  
  152  8:45  Roach x3  
  151  8:49  Hatchery  
  151  8:50  Hatchery  
  151  8:54  Zergling x4  
  145  9:00  Overlord  
  145  9:09  Overlord x3  
  145  9:13  Infestation Pit  
  133  9:26  Zergling x10  
  133  9:29  Roach  
  122  9:38  Drone x7  
  122  9:42  Zerg Missile Weapons Level 1  
  117  9:50  Drone x5  
  117  9:51  Hive  
  117  9:53  Hatchery  
  117  9:55  Roach x2  
  117  9:57  Ravager x2  
  117  9:58  Ravager x2  
  124  10:02  Zergling x14  
  124  10:03  Baneling Nest  
  124  10:06  Drone  
  131  10:07  Spore Crawler  
  130  10:15  Roach x9  
  130  10:16  Ravager x2  
  130  10:18  Zergling x4  
  130  10:19  Queen  
  154  10:24  Zergling x2  
  154  10:25  Zergling x2  
  156  10:28  Zergling x2  
  156  10:29  Zergling x6  
  156  10:33  Zergling x2  
  156  10:34  Zergling x10  
  166  10:39  Roach x6  
  164  10:43  Ravager x2  
  164  10:44  Zergling x8  
  164  10:49  Centrifugal Hooks  
  166  10:57  Ravager x7  
  166  10:58  Overlord  
  166  10:59  Zergling x2, Overlord  
  166  11:00  Zergling x6  
  166  11:02  Overlord  
  166  11:03  Overlord  
  173  11:05  Adrenal Glands  
  173  11:08  Zergling x8  
  170  11:17  Zergling x18  
  172  11:23  Roach x4  
  180  11:28  Zergling x10  
  180  11:31  Glial Reconstitution  
  183  11:39  Zergling x16  
  183  11:46  Zergling x12  
  177  12:00  Zergling x30  
  185  12:11  Zergling x6  
  185  12:12  Zergling x4  
  167  12:18  Zergling x18  
  153  12:26  Roach x6  
  159  12:34  Drone x2  
  159  12:36  Ravager  
  172  12:37  Roach x5  
  172  12:42  Zergling x12  
  178  12:46  Zergling x8  
  178  12:49  Overlord  
  182  12:54  Zergling x10  
  173  13:09  Ravager x11  
  179  13:15  Zergling x36  
  197  13:24  Zergling x4  
  198  13:43  Baneling x35  
  198  14:00  Zergling x2  
  199  14:05  Hatchery  
Show
View Real Time Build Order
Export as new Build Order

Astrea Protoss 

Build Orders: 1 Gate Expand, Oracle Opening 

Get SALT Encoding   

  12  0:00  Probe  
  13  0:12  Probe  
  14  0:17  Pylon  
  14  0:24  Probe (Chrono Boost)  
  15  0:36  Probe (Chrono Boost)  
  15  0:37  Gateway  
  16  0:44  Probe (Chrono Boost)  
  16  0:48  Assimilator  
  17  0:51  Probe  
  18  1:03  Probe  
  19  1:15  Probe  
  20  1:23  Nexus  
  20  1:27  Probe  
  21  1:36  Cybernetics Core  
  21  1:42  Assimilator  
  21  1:45  Probe  
  22  1:51  Pylon  
  22  1:57  Probe (Chrono Boost)  
  23  2:09  Probe (Chrono Boost)  
  23  2:12  Adept  
  26  2:17  Probe (Chrono Boost)  
  26  2:20  Stargate  
  27  2:23  Probe  
  27  2:27  Warp Gate  
  28  2:35  Probe (Chrono Boost)  
  30  2:41  Probe (Chrono Boost)  
  30  2:42  Adept  
  33  2:44  Probe (Chrono Boost)  
  33  2:48  Probe (Chrono Boost)  
  33  2:49  Probe (Chrono Boost)  
  35  3:00  Probe  
  35  3:01  Oracle (Chrono Boost), Probe  
  40  3:12  Probe  
  41  3:13  Probe  
  42  3:24  Probe  
  42  3:26  Probe  
  42  3:27  Nexus  
  42  3:32  Oracle (Chrono Boost)  
  42  3:34  Pylon  
  42  3:36  Probe  
  46  3:43  Gateway  
  46  3:52  Probe x2  
  48  3:59  Oracle (Chrono Boost)  
  48  4:01  Pylon  
  51  4:04  Assimilator, Probe x2  
  51  4:05  Assimilator  
  53  4:16  Probe  
  53  4:17  Pylon  
  54  4:19  Forge, Probe  
  54  4:22  Twilight Council  
  55  4:28  Probe  
  56  4:31  Probe  
  56  4:36  Gateway, Adept  
  56  4:37  Gateway  
  59  4:39  Probe  
  59  4:40  Probe  
  59  4:43  Protoss Ground Weapons Level 1 (Chrono Boost)  
  59  4:44  Probe  
  60  4:47  Blink (Chrono Boost)  
  60  4:48  Adept  
  60  4:51  Probe  
  63  4:54  Probe  
  63  4:56  Pylon  
  63  4:58  Stalker  
  66  5:03  Shield Battery, Probe  
  67  5:07  Probe  
  67  5:12  Probe  
  69  5:16  Probe  
  69  5:19  Probe  
  71  5:22  Stalker x2  
  71  5:25  Probe  
  71  5:28  Probe  
  77  5:32  Stalker x2, Probe  
  82  5:36  Pylon  
  82  5:38  Probe  
  82  5:39  Pylon  
  82  5:40  Probe  
  82  5:41  Pylon  
  84  5:44  Probe  
  84  5:45  Stalker  
  87  5:50  Stalker  
  87  5:57  Nexus  
  89  5:58  Stalker  
  91  6:05  Stalker  
  92  6:12  Stalker  
  92  6:15  Stalker  
  96  6:20  Probe x2  
  96  6:25  Probe  
  99  6:30  Stalker x2, Protoss Ground Weapons Level 2 (Chrono Boost)  
  99  6:32  Probe x2  
  105  6:33  Oracle  
  105  6:34  Gateway  
  105  6:35  Gateway  
  105  6:37  Gateway  
  108  6:40  Gateway, Probe  
  108  6:44  Probe  
  108  6:51  Stalker x2  
  108  6:52  Probe  
  108  6:53  Probe  
  114  6:57  Pylon x2  
  114  7:00  Probe  
  115  7:06  Probe  
  116  7:11  Stalker x2  
  116  7:14  Probe  
  119  7:16  Stalker x2  
  118  7:27  Probe  
  110  7:30  Stalker  
  110  7:31  Stalker  
  105  7:39  Stalker x4  
  105  7:40  Stalker  
  105  7:44  Probe  
  112  7:48  Stalker, Probe  
  108  7:52  Pylon  
  108  7:53  Probe  
  108  7:56  Probe  
  110  8:01  Probe  
  110  8:04  Stalker  
  110  8:05  Probe  
  110  8:08  Probe  
  110  8:13  Probe  
  110  8:19  Stalker x2  
  115  8:22  Pylon  
  115  8:24  Zealot x5  
  125  8:39  Pylon  
  125  8:40  Pylon x2  
  125  8:41  Void Ray (Chrono Boost)  
  125  8:43  Probe  
  125  8:45  Stalker x2  
  125  8:47  Zealot x2  
  120  8:56  Pylon  
  120  8:57  Pylon  
  120  8:58  Pylon  
  118  9:08  Probe  
  118  9:09  Probe  
  120  9:16  Stalker  
  120  9:17  Stalker x5  
  123  9:20  Probe  
  123  9:22  Stalker  
  113  9:35  Assimilator, Shield Battery  
  113  9:37  Stalker  
  115  9:38  Assimilator  
  115  9:42  Stalker x4  
  115  9:44  Zealot  
  121  9:46  Probe  
  121  9:47  Probe  
  123  9:57  Stalker x2  
  123  9:58  Probe  
  128  10:01  Protoss Ground Armor Level 1 (Chrono Boost)  
  128  10:10  Pylon  
  128  10:13  Stalker x3  
  134  10:17  Pylon  
  134  10:25  Stalker x3  
  134  10:28  Zealot x2  
  127  10:45  Stalker x2  
  119  10:53  Oracle  
  119  10:54  Nexus  
  117  11:05  Zealot x4  
  121  11:12  Sentry x2  
  121  11:19  Photon Cannon  
  121  11:25  Pylon  
  118  11:29  Robotics Facility  
  118  11:35  Stalker x4  
  120  11:42  Stalker x2  
  124  11:54  Oracle (Chrono Boost)  
  123  12:02  Stalker x5  
  132  12:11  Zealot x3  
  103  12:24  Observer (Chrono Boost)  
  104  12:35  Dark Shrine  
  104  12:38  Templar Archives  
  104  12:43  Pylon  
  104  12:51  Psionic Storm  
  98  13:01  Stalker x5  
  98  13:02  Stalker x2  
  98  13:15  Shield Battery  
  98  13:27  High Templar x4  
  98  13:30  Nexus  
  98  13:33  Shield Battery  
  105  13:48  High Templar  
  105  13:51  High Templar  
  105  13:52  Zealot, High Templar  
  117  14:08  Stalker x4  
Tags
 
Add a new tag
Caveats
  • Supply blocks, unpowered buildings, or Contaminate may cause inaccurate times.
  • Supply counts are checked every 10 seconds.